 Dungeon Crawl Stone Soup version 0.22-a0-897-g1b7a381375 (webtiles) character file.

10417 Mirvelgyr the Demolition Dwarf (level 11, -9/99 HPs)
             Began as a Deep Dwarf Fighter on July 31, 2018.
             Was an Elder of Makhleb.
             Killed by Ozocubu's Refrigeration
             ... invoked by Fannar
              (12 damage)
             ... on level 10 of the Dungeon.
             The game lasted 00:12:58 (8027 turns).

Mirvelgyr the Demolition Dwarf (Deep Dwarf Fighter) Turns: 8027, Time: 00:12:59

Health: -9/99      AC: 14    Str: 24    XL:     11   Next: 35%
Magic:  19/19      EV: 10    Int:  8    God:    Makhleb [****..]
Gold:   513        SH: 11    Dex: 12    Spells: 10/10 levels left

rFire    . . .     SeeInvis .   A - +2 war axe (venom)
rCold    . . .     Gourm    .   c - +0 shield
rNeg     + . .     Faith    .   C - +0 chain mail
rPois    .         Spirit   .   s - +1 helmet
rElec    .         Reflect  .   e - +0 cloak
rCorr    .         Harm     .   (no gloves)
MR       +....                  (no boots)
Stlth    ..........             (no amulet)
HPRegen  0.00/turn              y - +3 ring of evasion
MPRegen  0.16/turn              b - ring of positive energy

@: non-regenerating
A: damage resistance, heal wounds, sense surroundings 2, no regeneration
a: Heal Wounds, Minor Destruction, Lesser Servant of Makhleb, Major Destruction,
Renounce Religion


You were on level 10 of the Dungeon.
You worshipped Makhleb.
Makhleb was greatly pleased with you.
You were not hungry.

You visited 1 branch of the dungeon, and saw 10 of its levels.

You collected 513 gold pieces.

Inventory:

Hand Weapons
 A - a +2 war axe of venom (weapon)
Armour
 c - a +0 shield (worn)
 e - a +0 cloak (worn)
 s - a +1 helmet (worn)
 C - a +0 chain mail (worn)
Jewellery
 b - a ring of positive energy (right hand)
 v - a +3 ring of dexterity {unknown}
 y - a +3 ring of evasion (left hand)
 F - an uncursed ring of protection from fire
Wands
 d - a wand of clouds (4)
 r - a wand of digging (7)
 t - a wand of acid (5)
 B - a wand of paralysis (29)
 J - a wand of iceblast (7)
Scrolls
 a - 2 scrolls of enchant armour
 g - 5 scrolls of remove curse
 k - 4 scrolls of fear {unknown}
 m - 6 scrolls of teleportation
 o - 2 scrolls of amnesia {unknown}
 p - a scroll of immolation {unknown}
 w - 2 scrolls of fog {unknown}
 x - 2 scrolls of magic mapping {unknown}
 E - a scroll of enchant weapon {unknown}
 I - a scroll of random uselessness {unknown}
 K - 2 scrolls of identify
Potions
 h - 2 potions of ambrosia
 i - 3 potions of resistance
 j - a potion of might
 l - 2 potions of invisibility
 n - a potion of degeneration
 q - 3 potions of flight
 u - 3 potions of brilliance
 z - a potion of berserk rage
 D - a potion of haste
 G - 2 potions of heal wounds {unknown}
 H - a potion of curing
Comestibles
 f - 19 rations


   Skills:
 + Level 6.6 Fighting
 * Level 10.4 Axes
 + Level 7.9 Armour
 + Level 7.9 Shields
 - Level 14.9 Invocations


You had 10 spell levels left.
You didn't know any spells.
Your spell library contained the following spells:

 Spells                   Type           Power        Failure   Level  Hunger
 Confuse                  Hex            #.......     100%        3    ####...
 Confusing Touch          Hex            #.....       100%        1    ##.....
 Metabolic Englaciation   Hex/Ice        #.........   100%        5    ######.
 Petrify                  Tmut/Erth      #.......     100%        4    #####..
 Gell's Gravitas          Tloc           #.........   100%        3    ####...
 Yara's Violent Unravell  Hex/Tmut       #.........   100%        5    ######.


Dungeon Overview and Level Annotations

Branches:
Dungeon (10/15)            Temple (0/1) D:5            Lair (0/6) D:9
    Orc: D:9-12

Altars:
Ashenzari
Dithmenos
Elyvilon
Makhleb
Nemelex Xobeh
Okawaru
Sif Muna
Trog
Uskayaw
Wu Jian
Xom
Yredelemnul
The Shining One

Portals:
Trove: D:10 (give 6 potions of agility)

Annotations:
D:10 Fannar


Innate Abilities, Weirdness & Mutations

You are resistant to damage.
You can heal yourself by infusing magical energy.
You passively map the area around you.
You do not regenerate.


Message History

* * * LOW HITPOINT WARNING * * *
Fannar, your smoke demon and your orange demon are frozen.
Fannar resists.
Fannar is lightly wounded.
Your smoke demon is almost dead.
Your orange demon is moderately wounded.
Fannar mumbles some strange words.
Fannar drains the heat from the surrounding environment!
You feel very cold.
* * * LOW HITPOINT WARNING * * *
Fannar, your smoke demon and your orange demon are frozen.
Fannar resists.
Fannar is lightly wounded.
Your smoke demon dies!
Your orange demon is almost dead.
You fail to use your ability.
Fannar casts a spell.
Fannar drains the heat from the surrounding environment!
You feel very cold.
You die...

#.............# ##.....
#.............## #......
##.............## ##....#.
##..............# #....###
#...............####....###
#................##........
#..........................
#..........................
##.........@................
##.#.........4...............
#.###........................
### ##.......................
##.....e#####...........
##....###..............
#.....................
##...#.................
#####....#.._..............


You could see Fannar and a friendly orange demon.

Vanquished Creatures
  Harold (D:7)
  3 two-headed ogres
  An ugly thing (D:6)
  2 trolls (D:9)
  A queen bee (D:8)
  Grinder (D:3)
  4 yaks (D:10)
  2 porcupines (D:9)
  A black bear (D:9)
  A necrophage (D:7)
  A phantom (D:7)
  3 sky beasts
  An eye of draining (D:10)
  5 ogres
  4 centaurs
  9 bullfrogs
  4 scorpions
  A jelly (D:6)
  14 killer bees (D:8)
  12 wights
  2 howler monkeys (D:7)
  2 crimson imps
  2 centaur zombies
  2 bullfrog zombies
  A quasit (D:8)
  3 orc priests (D:4)
  7 hounds
  3 bullfrog skeletons
  A centaur skeleton (D:7)
  Jessica (D:3)
  An iguana (D:8)
  4 orc wizards
  13 worker ants
  A killer bee zombie (D:8)
  An ogre zombie (D:5)
  3 hound zombies
  2 hound skeletons
  2 worker ant zombies (D:7)
  Robin (D:3)
  10 adders
  A gnoll (D:9)
  A gnoll zombie (D:5)
  An orc zombie (D:5)
  3 shadow imps
  2 oozes
  2 adder skeletons
  2 worms (D:2)
  5 dart slugs
  7 leopard geckos
  28 orcs
  5 bats
  5 giant cockroaches
  15 goblins
  11 hobgoblins
  7 jackals
  2 quokkas
  A ball python (D:2)
  4 frilled lizards
  7 kobolds
  2 quokka skeletons
  A quokka zombie (D:9)
  4 rats
  2 fungi (D:9)
  3 plants (D:9)
254 creatures vanquished.

Vanquished Creatures (collateral kills)
  An ogre (D:9)
  A gnoll shaman (D:9)
  2 gnolls (D:9)
4 creatures vanquished.

Vanquished Creatures (others)
  An orc wizard (D:4)
  12 fungi (D:9)
  6 plants (D:9)
19 creatures vanquished.

Grand Total: 277 creatures vanquished

Notes
Turn   | Place    | Note
-------+----------+-------------------------------------------
     0 | D:1      | Mirvelgyr the Deep Dwarf Fighter began the quest for the Orb.
     0 | D:1      | Reached XP level 1. HP: 20/20 MP: 1/1
   330 | D:1      | Reached XP level 2. HP: 25/27 MP: 2/2
   787 | D:1      | Reached XP level 3. HP: 26/33 MP: 3/3
  1126 | D:2      | Reached XP level 4. HP: 42/42 MP: 4/4
  1173 | D:2      | Found a burning altar of Makhleb.
  1180 | D:2      | Became a worshipper of Makhleb the Destroyer
  1416 | D:3      | Noticed Robin
  1430 | D:3      | Killed Robin
  1479 | D:3      | Reached XP level 5. HP: 41/49 MP: 5/5
  1664 | D:3      | Noticed Grinder
  1666 | D:3      | Noticed Jessica
  1669 | D:3      | Paralysed by Grinder for 3 turns
  1674 | D:3      | Killed Jessica
  1684 | D:3      | Killed Grinder
  1684 | D:3      | Reached skill level 5 in Axes
  1684 | D:3      | Reached XP level 6. HP: 49/57 MP: 6/6
  1685 | D:3      | Reached * piety under Makhleb
  2150 | D:4      | Reached XP level 7. HP: 34/64 MP: 7/7
  2258 | D:4      | Reached skill level 5 in Armour
  2258 | D:4      | Reached skill level 5 in Shields
  2341 | D:4      | Found an ornate altar of the Wu Jian Council.
  2432 | D:4      | Reached ** piety under Makhleb
  2792 | D:5      | Entered Level 5 of the Dungeon
  2792 | D:5      | Found a glowing golden altar of the Shining One.
  2871 | D:5      | Found a transporter.
  2911 | D:5      | Reached skill level 2 in Invocations
  2912 | D:5      | Reached skill level 3 in Invocations
  2921 | D:5      | Reached skill level 14 in Invocations
  2921 | D:5      | Reached XP level 8. HP: 56/73 MP: 8/19
  2968 | D:5      | Gained mutation: You passively map the area around you. [Deep Dwarf growth]
  2968 | D:5      | Reached XP level 9. HP: 66/79 MP: 16/20
  3100 | D:5      | Found a shadowy altar of Dithmenos.
  3240 | D:5      | Found a transporter.
  3294 | D:5      | Found a staircase to the Ecumenical Temple.
  3639 | D:6      | Noticed a purple ugly thing
  3652 | D:6      | Killed a purple ugly thing
  4074 | D:6      | Found a deep blue altar of Sif Muna.
  4603 | D:7      | Reached skill level 5 in Fighting
  4639 | D:7      | Noticed Harold
  4651 | D:7      | Killed Harold
  4651 | D:7      | Reached XP level 10. HP: 74/88 MP: 20/20
  4652 | D:7      | Reached *** piety under Makhleb
  4679 | D:7      | Found a bloodstained altar of Trog.
  5580 | D:8      | Found a basalt altar of Yredelemnul.
  5760 | D:8      | Reached **** piety under Makhleb
  5853 | D:8      | Noticed a two-headed ogre
  5863 | D:8      | Killed a two-headed ogre
  5988 | D:8      | Found a white marble altar of Elyvilon.
  6158 | D:8      | Found a shattered altar of Ashenzari.
  6162 | D:8      | Found a sparkling altar of Nemelex Xobeh.
  6162 | D:8      | Found an iron altar of Okawaru.
  6170 | D:8      | Found a shimmering altar of Xom.
  6173 | D:8      | Found a hide-covered altar of Uskayaw.
  6626 | D:9      | Found a staircase to the Lair.
  6715 | D:9      | Reached XP level 11. HP: 97/97 MP: 19/19
  6986 | D:10     | Entered Level 10 of the Dungeon
  7015 | D:10     | Noticed a two-headed ogre
  7025 | D:10     | Killed a two-headed ogre
  7027 | D:10     | Reached skill level 10 in Axes
  7411 | D:10     | Noticed a two-headed ogre
  7422 | D:10     | Killed a two-headed ogre
  7558 | D:10     | Found a bloodstained altar of Trog.
  7782 | D:10     | Found a portal to a secret trove of treasure.
  8022 | D:10     | Noticed Fannar
  8026 | D:10     | HP: 3/99 [Fannar/Ozocubu's Refrigeration (18)]
  8027 | D:10     | Killed from afar by Fannar

Vault maps used:
D:1:      ebering_hopf_link, minmay_misc_feat_tiny
D:2:      makhleb_heckhound_becter
D:3:      first_ration, uniq_grinder, uniq_robin, uniq_jessica
D:4:      lemuel_crystal_altar, st_stairs_5
D:5:      gammafunk_cloud_chamber, nicolae_overflow_crystal_walls,
          grunt_dithmenos_smoke, minmay_temple_entry_poolview,
          grunt_decor_fettered
D:6:      kennysheep_mini
D:7:      trog_three_pillars_becter, uniq_harold
D:8:      kennysheep_little_box, kennysheep_mini_moat,
          minmay_overflow_temple_star_hex, david_nohive_1
D:9:      due_lair_maze_entry_diamond
D:10:     nicolae_trove_entry_diagonal, basic_altar, uniq_fannar

Skill      XL: |  1  2  3  4  5  6  7  8  9 10 11 |
---------------+----------------------------------+-----
Axes           | 3 4 5 6 8 9 10 | 10.4
Fighting       | 3 4 5 6 |  6.6
Shields        | 4 5 6 7 |  7.9
Armour         | 4 5 6 7 |  7.9
Invocations    | 14 | 14.9

Action                   |  1- 3 |  4- 6 |  7- 9 | 10-12 || total
-------------------------+-------+-------+-------+-------++-------
Melee: War axe           |   122 |   126 |   255 |   348 ||   851
Invok: Minor Destruction |       |       |     1 |       ||     1
       Lesser Servant of |       |       |       |     4 ||     4
 Abil: Heal Wounds       |     2 |     1 |     3 |     3 ||     9
  Use: Potion            |       |     1 |     5 |       ||     6
       Scroll            |       |       |    11 |     1 ||    12
  Eat: Chunk             |     1 |     3 |     6 |     1 ||    11
       Ration            |       |       |     1 |     4 ||     5
Armor: Scale mail        |    58 |    52 |    48 |       ||   158
       Chain mail        |       |       |    76 |   201 ||   277
Dodge: Dodged            |    36 |    40 |    59 |    96 ||   231
Block: Shield            |    62 |    83 |   132 |   212 ||   489

Table legend:
 A = Spawn XP
 B = Non-spawn XP
 C = Spawn XP percentage of total XP
 D = Spawn monster count
 E = Non-spawn monster count
 F = Spawn count percentage of total count
 G = Total turns spent on level
                    A         B        C        D         E        F      G
               +---------+---------+-------+---------+---------+-------+---------
         Total |       0 |   13553 |   0.0 |       0 |     253 |   0.0 |  8027
               +---------+---------+-------+---------+---------+-------+---------
           D:1 |       0 |      44 |   0.0 |       0 |      18 |   0.0 |   912
           D:2 |       0 |     116 |   0.0 |       0 |      26 |   0.0 |   499
           D:3 |       0 |     506 |   0.0 |       0 |      34 |   0.0 |   672
           D:4 |       0 |     400 |   0.0 |       0 |      27 |   0.0 |   709
           D:5 |       0 |     556 |   0.0 |       0 |      23 |   0.0 |   799
           D:6 |       0 |     920 |   0.0 |       0 |       7 |   0.0 |   869
           D:7 |       0 |    2344 |   0.0 |       0 |      28 |   0.0 |  1110
           D:8 |       0 |    2611 |   0.0 |       0 |      39 |   0.0 |   741
           D:9 |       0 |    2433 |   0.0 |       0 |      32 |   0.0 |   675
          D:10 |       0 |    3623 |   0.0 |       0 |      19 |   0.0 |  1041
               +---------+---------+-------+---------+---------+-------+---------
